 Dungeon Crawl Stone Soup version 0.32-a0-872-g59262bdc9b (webtiles) character file.

Game seed: 4202196181924665546

179 601d51SH the Shield-Bearer (level 5, 0/47 HPs)
             Began as a Gnoll Fighter on Mar 31, 2024.
             Incinerated by a bombardier beetle (5 damage)
             ... with a burning spray
             ... on level 4 of the Dungeon.
             The game lasted 00:04:14 (2245 turns).

601d51SH the Shield-Bearer (Gnoll Fighter)          Turns: 2245, Time: 00:04:14

Health: 0/47       AC: 11    Str: 18    XL:     5   Next: 59%
Magic:  7/7        EV:  7    Int:  7    God:
Gold:   89         SH:  9    Dex: 11    Spells: 7/7 levels left

rFire   . . .        a - +0 long sword
rCold   . . .        m - +0 kite shield
rNeg    . . .        u - +2 scale mail {Will+}
rPois   .            (no helmet)
rElec   .            g - +0 cloak
rCorr   .            (no gloves)
SInv    .            (no boots)
Will    ++...        (no amulet) Stlth
                     l - ring of willpower
HPRegen 0.27/turn    (no ring)
MPRegen 0.10/turn

%: no passive effects
@: on fire, glowing
A: fangs 1, strong nose, distributed training
a: no special abilities


You were on level 4 of the Dungeon.
You visited 1 branch of the dungeon, and saw 4 of its levels.

You collected 115 gold pieces.
You spent 26 gold pieces at shops.

Inventory:

Hand Weapons
 a - a +0 long sword (weapon)
 k - a +1 antimagic dagger
Missiles
 o - 14 poisoned darts (quivered)
Armour
 b - a +0 scale mail
 c - a +0 buckler
 g - a +0 cloak (worn)
 m - a +0 kite shield (worn)
 u - a +2 scale mail of willpower (worn)
Jewellery
 l - a ring of willpower (left hand)
Scrolls
 f - a scroll of blinking {unknown}
 i - 3 scrolls of teleportation {unknown}
 j - 2 scrolls of enchant armour {unknown}
 r - a scroll of poison {unknown}
 t - a scroll of identify {unknown}
Potions
 d - a potion of might
 e - a potion of haste {unknown}
 h - a potion of mutation {unknown}
 n - 2 potions of lignification {unknown}
 p - 2 potions of enlightenment {unknown}
 q - 3 potions of curing {unknown}
 s - a potion of magic {unknown}


   Skills:
 + Level 6.7 Fighting
 + Level 1.6 Short Blades
 + Level 4.8 Long Blades
 + Level 1.6 Axes
 + Level 1.6 Maces & Flails
 + Level 1.6 Polearms
 + Level 1.6 Staves
 + Level 1.6 Ranged Weapons
 + Level 1.6 Throwing
 + Level 6.7 Armour
 + Level 1.6 Dodging
 + Level 1.6 Stealth
 + Level 6.7 Shields
 + Level 1.6 Unarmed Combat
 + Level 1.6 Spellcasting
 + Level 1.3 Conjurations
 + Level 1.3 Hexes
 + Level 1.3 Summonings
 + Level 1.3 Necromancy
 + Level 1.3 Translocations
 + Level 1.3 Fire Magic
 + Level 1.3 Ice Magic
 + Level 1.3 Air Magic
 + Level 1.3 Earth Magic
 + Level 1.3 Alchemy
 + Level 1.8 Invocations
 + Level 1.6 Evocations
 + Level 1.4 Shapeshifting


You had 7 spell levels left.
You didn't know any spells.
Your spell library contained the following spells:

 Spells                   Type           Power      Damage    Failure   Level
 Shock                    Conj/Air       8%         1d3       83%         1
 Swiftness                Air            2%         N/A       99%         3
 Airstrike                Air            1%         2d(1-17)  100%        4


Dungeon Overview and Level Annotations

Branches:
Dungeon (4/15)
 Temple: D:4-7

Altars:
Dithmenos
Okawaru
The Shining One

Shops:
D:2 *


Innate Abilities, Weirdness & Mutations

You have very sharp teeth.
Your uncanny sense of smell can sniff out nearby items.
Your experience applies equally to all skills.


Message History

The bombardier beetle bites you but does no damage.
You hit the bombardier beetle.
The bombardier beetle is heavily wounded.
You block the bombardier beetle's attack.
You slash the bombardier beetle!
You bite the bombardier beetle, but do no damage.
The bombardier beetle is almost dead.
The bombardier beetle sprays incendiary fluid at you.
You block the burning spray.
You closely miss the bombardier beetle.
The bombardier beetle is almost dead.
The bombardier beetle sprays incendiary fluid at you.
The burning spray hits you.
You are covered in liquid fire!
You hit the bombardier beetle.
You kill the bombardier beetle!
The liquid fire burns you! You block the jackal's attack.
You are too injured to fight recklessly!
You are too injured to fight recklessly!
You are too injured to fight recklessly!
You are too injured to fight recklessly!
You are too injured to fight recklessly!
You hit the jackal.
The jackal is heavily wounded.
The liquid fire burns you! The jackal bites you. You block the jackal's attack.
You hit the jackal.
You kill the jackal!
The liquid fire burns you!
* * * LOW HITPOINT WARNING * * *
You barely miss the jackal. The liquid fire burns you!
* * * LOW HITPOINT WARNING * * *
The jackal bites you but does no damage.
You block the jackal's attack.
You hit the jackal.
The jackal is heavily wounded.
The liquid fire burns you!
You die...

.. ... ... #
##.###.# ...... ....
∆ ...######.#
....hhh@..#
#########.# ### ##
#.# #.. . #.# #.# #
###.# #.#### #...#
#.##<. ###.#.#
#####.##.. #....####
#.........
###'##♣~~##....).#..


You could see 3 jackals.

Vanquished Creatures
  A bombardier beetle (D:4)
  An iguana (D:3)
  4 gnolls (D:4)
  2 adders (D:3)
  2 dart slugs (D:1)
  An orc (D:4)
  5 endoplasms
  3 giant cockroaches
  5 goblins
  4 hobgoblins
  5 jackals
  12 ball pythons
  5 bats
  4 kobolds
  6 rats
60 creatures vanquished.

Notes
Turn   | Place    | Note
-------+----------+-------------------------------------------
     0 | D:1      | 601d51SH the Gnoll Fighter began the quest for the Orb.
     0 | D:1      | Reached XP level 1. HP: 23/23 MP: 1/1
    64 | D:1      | You fall into a shaft and drop 1 floor!
   201 | D:1      | Reached XP level 2. HP: 22/29 MP: 2/2
   442 | D:1      | Reached XP level 3. HP: 35/35 MP: 3/3
   807 | D:2      | Reached skill level 1 in Invocations
   903 | D:2      | Found Feitozoi's Assorted Antiques.
   911 | D:2      | Bought a red potion for 26 gold pieces
   955 | D:2      | Found a faded altar of an unknown god.
  1366 | D:3      | Reached skill level 1 in Short Blades
  1366 | D:3      | Reached skill level 1 in Axes
  1366 | D:3      | Reached skill level 1 in Maces & Flails
  1366 | D:3      | Reached skill level 1 in Polearms
  1366 | D:3      | Reached skill level 1 in Staves
  1366 | D:3      | Reached skill level 1 in Ranged Weapons
  1366 | D:3      | Reached skill level 1 in Throwing
  1366 | D:3      | Reached skill level 1 in Dodging
  1366 | D:3      | Reached skill level 1 in Stealth
  1366 | D:3      | Reached skill level 1 in Unarmed Combat
  1366 | D:3      | Reached skill level 1 in Spellcasting
  1366 | D:3      | Reached skill level 1 in Evocations
  1385 | D:3      | Found a glowing golden altar of the Shining One.
  1459 | D:3      | Reached skill level 1 in Shapeshifting
  1459 | D:3      | Reached XP level 4. HP: 41/41 MP: 5/5
  1576 | D:3      | Found an iron altar of Okawaru.
  1630 | D:3      | Reached skill level 1 in Conjurations
  1630 | D:3      | Reached skill level 1 in Hexes
  1630 | D:3      | Reached skill level 1 in Summonings
  1630 | D:3      | Reached skill level 1 in Necromancy
  1630 | D:3      | Reached skill level 1 in Translocations
  1630 | D:3      | Reached skill level 1 in Fire Magic
  1630 | D:3      | Reached skill level 1 in Ice Magic
  1630 | D:3      | Reached skill level 1 in Air Magic
  1630 | D:3      | Reached skill level 1 in Earth Magic
  1630 | D:3      | Reached skill level 1 in Alchemy
  1923 | D:3      | Found a shadowy altar of Dithmenos.
  2007 | D:4      | Reached XP level 5. HP: 16/47 MP: 5/7
  2245 | D:4      | Incinerated by a bombardier beetle

Illustrated notes

Levels and vault maps discovered:
D:1:      saegor_arrival_simple_e, layout_loops_ring
D:2:      layout_basic, ebering_ecumenical_altar_webs, serial_shops, shop,
          grunt_ministairs_5
D:3:      layout_rooms, tso_altar, kennysheep_okawaru_gauntlet,
          lemuel_coloured_pillars_altar, grunt_ministairs_8
D:4:      layout_loops_ring, serial_shops, nicolae_shop_hallway_stairs,
          saegor_snake_ambush

Skill      XL: |  1  2  3  4 |
---------------+-------------+-----
Invocations    | 1 |  1.8
Short Blades   | 1 |  1.6
Axes           | 1 |  1.6
Maces & Flails | 1 |  1.6
Polearms       | 1 |  1.6
Staves         | 1 |  1.6
Ranged Weapons | 1 |  1.6
Throwing       | 1 |  1.6
Dodging        | 1 |  1.6
Stealth        | 1 |  1.6
Unarmed Combat | 1 |  1.6
Spellcasting   | 1 |  1.6
Evocations     | 1 |  1.6
Shapeshifting  | 1 |  1.4
Conjurations   | 1 |  1.3
Hexes          | 1 |  1.3
Summonings     | 1 |  1.3
Necromancy     | 1 |  1.3
Translocations | 1 |  1.3
Fire Magic     | 1 |  1.3
Ice Magic      | 1 |  1.3
Air Magic      | 1 |  1.3
Earth Magic    | 1 |  1.3
Alchemy        | 1 |  1.3
Fighting       | |  6.7
Long Blades    | |  4.8
Armour         | |  6.7
Shields        | |  6.7

Action                     |  1- 3 |  4- 6 || total
---------------------------+-------+-------++-------
  Melee: Long sword        |   105 |    65 ||   170
         Bite              |    10 |     5 ||    15
 Armour: Scale mail        |    97 |    41 ||   138
  Dodge: Dodged            |    31 |    16 ||    47
  Block: Buckler           |    17 |       ||    17
         Kite shield       |    26 |    49 ||    75

Table legend: (Time is in decaauts)
 A = Elapsed time spent in this place.
 B = Non-inter-level travel time spent in this place.
 C = Inter-level travel time spent in this place.
 D = Time resting spent in this place.
 E = Time spent auto-exploring this place.
 F = Levels seen in this place.
 G = Mean time per level.
                   A        B        C        D        E       F      G
               +--------+--------+--------+--------+--------+-----+--------+
         Total |   2294 |   2133 |    161 |    115 |   1536 |   4 |  573.5 |
       Dungeon |   2294 |   2133 |    161 |    115 |   1536 |   4 |  573.5 |
               +--------+--------+--------+--------+--------+-----+--------+

Top non-repeatable levels by time:
     D:1: 731 daAuts
     D:3: 657 daAuts
     D:2: 629 daAuts
     D:4: 277 daAuts
